 Dungeon Crawl Stone Soup version 0.31-a0-214-gb37851dbb3 (webtiles) character file.

Game seed: 4596908673629375753

81 gelatine the Digger (level 4, -3/24 HPs)
             Began as a Gargoyle Earth Elementalist on July 2, 2023.
             Slain by Terence
             ... wielding a +0 hand axe
              (8 damage)
             ... on level 3 of the Dungeon.
             The game lasted 00:08:10 (2805 turns).

gelatine the Digger (Gargoyle Earth Elementalist)   Turns: 2805, Time: 00:08:11

Health: -3/24      AC:  7    Str: 11    XL:     4   Next: 42%
Magic:  2/8        EV: 12    Int: 18    God:
Gold:   147        SH:  0    Dex: 10    Spells: 2/8 levels left

rFire   . . .        r - +4 short sword
rCold   . . .        n - orb {light}
rNeg    + . .        a - +0 robe
rPois   ∞            k - +0 helmet
rElec   +            v - scarf {+Inv}
rCorr   .            (no gloves)
SInv    .            i - +0 pair of boots
Will    .....        (no amulet)
Stlth   +            m - ring of flight
HPRegen 0.24/turn    (no ring)
MPRegen 0.11/turn

%: no passive effects
@: flying, glowing
A: sickness immunity, AC +3, negative energy resistance 1, electricity
resistance, torment resistance 1, petrification resistance
a: Evoke Invisibility


You were on level 3 of the Dungeon.
You visited 1 branch of the dungeon, and saw 3 of its levels.

You collected 147 gold pieces.

Inventory:

Hand Weapons
 f - a +2 dagger of electrocution
 g - a +1 short sword of holy wrath
 r - a +4 short sword (weapon)
Armour
 a - a +0 robe (worn)
 i - a +0 pair of boots (worn)
 k - a +0 helmet (worn)
 n - an orb of light (worn)
 v - a scarf of invisibility (worn)
Jewellery
 m - a ring of flight (left hand)
Scrolls
 c - a scroll of silence {unknown}
 e - a scroll of poison {unknown}
 l - a scroll of identify {unknown}
 q - 2 scrolls of enchant weapon {unknown}
 t - 2 scrolls of teleportation {unknown}
 u - a scroll of fear {unknown}
 x - a scroll of blinking {unknown}
Potions
 d - a potion of ambrosia {unknown}
 h - 2 potions of haste {unknown}
 j - 2 potions of heal wounds {unknown}
 o - a potion of degeneration {unknown}
 p - a potion of mutation {unknown}
 s - 2 potions of might {unknown}
 w - a potion of lignification {unknown}


   Skills:
 * Level 0.8 Fighting
 * Level 1.7 Dodging
 + Level 2.3 Stealth
 * Level 2.7 Spellcasting
 + Level 0.7 Transmutations
 * Level 5.1 Earth Magic
 * Level 0.3 Evocations


You had 2 spell levels left.
You knew the following spells:

 Your Spells              Type           Power      Damage    Failure   Level
a - Sandblast             Erth           40%        2d10      1%          1
b - Passwall              Tmut/Erth      10%        N/A       8%          2
c - Stone Arrow           Conj/Erth      22%        3d8       17%         3

Your spell library contained the following spells:

 Spells                   Type           Power      Damage    Failure   Level
 Vhi's Electric Charge    Tloc/Air       4%         N/A       45%         3
 Petrify                  Tmut/Erth      12%        N/A       45%         4
 Arcjolt                  Conj/Air       1%         1d11      99%         5
 Plasma Beam              Fire/Air       1%         2x1d11    100%        6


Dungeon Overview and Level Annotations

Branches:
Dungeon (3/15)

Altars:

Annotations:
D:3 Terence


Innate Abilities, Weirdness & Mutations

You are immune to sickness and miasma.
Your stone body is resilient. (AC +3)
You are immune to poison.
You resist negative energy. (rN+)
You are resistant to electric shocks. (rElec)
You are resistant to unholy torment.
You are immune to petrification.


Message History

The blast of sand hits Terence but does no damage.
Terence is lightly wounded.
Terence misses you.
Casting: Sandblast (safe; 1% risk of failure)
Confirm with . or Enter, or press ? or * to list all spells.
Aiming: Sandblast (safe; 1% risk of failure)
Press: ? - help, Shift-Dir - straight line, f/p - Terence
Aim: Terence, wielding a +0 hand axe and wearing a +0 chain mail (lightly wounded, haloed, 90% to hit)
The blast of sand misses Terence.
Terence barely misses you. x2
Unknown command.
You hit Terence but do no damage.
Terence is lightly wounded.
Terence hits you with a +0 hand axe.
You hit Terence.
Terence is moderately wounded.
Terence hits you with a +0 hand axe.
You barely miss Terence.
Terence is moderately wounded.
Terence hits you with a +0 hand axe. Magic courses through your body.
Terence barely misses you.
Casting: Sandblast (safe; 1% risk of failure)
Confirm with . or Enter, or press ? or * to list all spells.
The spell is extremely dangerous to miscast (17% risk of failure)!
Continue anyway?
Aiming: Stone Arrow (extremely dangerous; 17% risk of failure)
Press: ? - help, Shift-Dir - straight line, f/p - Terence
Aim: Terence, wielding a +0 hand axe and wearing a +0 chain mail (moderately wounded, haloed, 85% to hit)
The stone arrow hits Terence but does no damage.
Terence is moderately wounded.
Terence hits you with a +0 hand axe.
* * * LOW HITPOINT WARNING * * *
Casting: Stone Arrow (extremely dangerous; 17% risk of failure)
Confirm with . or Enter, or press ? or * to list all spells.
The spell is extremely dangerous to miscast (17% risk of failure)!
Continue anyway?
Aiming: Stone Arrow (extremely dangerous; 17% risk of failure)
Press: ? - help, Shift-Dir - straight line, f/p - Terence
Aim: Terence, wielding a +0 hand axe and wearing a +0 chain mail (moderately wounded, haloed, 85% to hit)
The stone arrow hits Terence.
Terence is heavily wounded.
Terence hits you with a +0 hand axe!
You die...

#..###.#
#..# #.#
#..###.#
#......#
#r##.###
#.##.#
#.##.#
######.##.#
#@@..†.##.#
#.#######.#
#.# #.# #.#
#.# #.# #.#
#.# #.#


You could see Terence.

Vanquished Creatures
  2 adders (D:2)
  2 dart slugs
  5 ball pythons
  A bat (D:2)
  4 endoplasms
  3 giant cockroaches (D:2)
  7 goblins
  3 hobgoblins
  8 jackals
  4 kobolds
  6 quokkas
  3 frilled lizards
  3 rats
51 creatures vanquished.

Notes
Turn   | Place    | Note
-------+----------+-------------------------------------------
     0 | D:1      | gelatine the Gargoyle Earth Elementalist began the quest
                  | for the Orb.
     0 | D:1      | Reached XP level 1. HP: 10/10 MP: 3/3
   209 | D:1      | Reached skill level 4 in Earth Magic
   209 | D:1      | Reached XP level 2. HP: 7/15 MP: 0/5
   297 | D:1      | Learned a level 2 spell: Passwall
   793 | D:1      | Reached XP level 3. HP: 20/20 MP: 4/6
  1530 | D:2      | Learned a level 3 spell: Stone Arrow
  2038 | D:2      | Reached XP level 4. HP: 24/24 MP: 5/7
  2159 | D:2      | Reached skill level 5 in Earth Magic
  2734 | D:3      | Noticed Terence
  2805 | D:3      | Slain by Terence

Illustrated notes

Levels and vault maps discovered:
D:1:      minmay_arrival_shoal_huts, layout_rooms, serial_co_window_serial,
          co_window_paths_b, co_window_paths_b, co_window_of_opportunity_a,
          co_window_of_opportunity_a, co_window_corner_a, co_window_paths_a,
          co_window_corner_a, co_window_corner_cb, co_window_corner_b,
          co_window_paths_c, co_window_of_opportunity_c, co_window_paths_c,
          co_window_unsneaky_path_d, co_window_paths_e, co_window_paths_d,
          glass_columns_c
D:2:      layout_basic, kennysheep_decorative_pillar, minmay_octomino_c4
D:3:      layout_loops_ring, ebering_ghost_sewer_f, uniq_terence

Skill      XL: |  1  2  3  4 |
---------------+-------------+-----
Earth Magic    | 4 5 |  5.1
Fighting       | |  0.8
Dodging        | |  1.7
Stealth        | |  2.3
Spellcasting   | |  2.7
Transmutations | |  0.7
Evocations     | |  0.3

Action                     |  1- 3 |  4- 6 || total
---------------------------+-------+-------++-------
  Melee: Unarmed           |    10 |       ||    10
         Short sword       |       |     3 ||     3
   Cast: Sandblast         |    49 |    20 ||    69
         Passwall          |     3 |     1 ||     4
         Stone Arrow       |       |     4 ||     4
    Use: Potion            |       |     1 ||     1
 Armour: Robe              |     8 |     2 ||    10
  Dodge: Dodged            |    14 |    10 ||    24

Table legend: (Time is in decaauts)
 A = Elapsed time spent in this place.
 B = Non-inter-level travel time spent in this place.
 C = Inter-level travel time spent in this place.
 D = Time resting spent in this place.
 E = Time spent auto-exploring this place.
 F = Levels seen in this place.
 G = Mean time per level.
                   A        B        C        D        E       F      G
               +--------+--------+--------+--------+--------+-----+--------+
         Total |   2841 |   2750 |     91 |      0 |   2297 |   3 |  947.0 |
       Dungeon |   2841 |   2750 |     91 |      0 |   2297 |   3 |  947.0 |
               +--------+--------+--------+--------+--------+-----+--------+

Top non-repeatable levels by time:
     D:1: 1480 daAuts
     D:2: 1128 daAuts
     D:3: 232 daAuts
